BSA
SPRINGFIELD STARS @ KANSAS CITY KINGS
03/14/2028
 
TOP OF THE 1ST
Springfield Stars batting - Pitching for Kansas City Kings : RHP Carlos Pacheco
Pitching: RHP Carlos Pacheco
Batting: RHB Juan Rodríguez 0-0: Ball
1-0: Ball
2-0: Fly out, F4 (Line Drive, 4)
Batting: RHB Calvin Bennett 0-0: Ball
1-0: Called Strike
1-1: Ball
2-1: Swinging Strike
2-2: SINGLE (Groundball, 56D)
Batting: LHB Derek Davidson 0-0: Ball
Calvin Bennett steals 2nd base
1-0: Ball
2-0: Ball
3-0: Base on Balls
Batting: LHB Felipe Guerrero 0-0: Ball
1-0: Called Strike
1-1: Called Strike
Calvin Bennett steals 3rd base
Derek Davidson to second
1-2: Ball
2-2: Foul Ball, location: 2F
2-2: Ball
3-2: Fly out, F9 (Flyball, 89M)
Runner from 3rd tags up, SCORES, no throw
Batting: LHB Elliott Newell 0-0: Called Strike
0-1: Ball
1-1: Swinging Strike
1-2: Strikes out swinging
Top of the 1st over - 1 run(s), 1 hit(s), 0 error(s), 1 left on base; Springfield 1 - Kansas City 0
BOTTOM OF THE 1ST
Kansas City Kings batting - Pitching for Springfield Stars : RHP Todd Brewster
Pitching: RHP Todd Brewster
Batting: RHB Chris Chandler 0-0: Ball
1-0: Ground out 6-3 (Groundball, 6)
Batting: RHB Dave Parker 0-0: Fly out, F8 (Flyball, 8LS)
Batting: LHB Stan Hickman 0-0: Ball
1-0: Ball
2-0: Ball
3-0: Base on Balls
Batting: RHB Toshimichi Kono 0-0: Swinging Strike
0-1: Ball
1-1: Foul Ball, location: 2F
1-2: Fly out, F5 (Popup, 6S)
Bottom of the 1st over - 0 run(s), 0 hit(s), 0 error(s), 1 left on base; Springfield 1 - Kansas City 0
TOP OF THE 2ND
Springfield Stars batting - Pitching for Kansas City Kings : RHP Carlos Pacheco
Batting: SHB Shane Hutchinson 0-0: Ball
1-0: Foul Ball, location: 2F
1-1: Ball
2-1: Swinging Strike
2-2: Foul Ball, location: 2F
2-2: Ball
3-2: Base on Balls
Batting: RHB Dave Henderson 0-0: Ground out 4-3 (Groundball, 34)
Shane Hutchinson to second
Batting: RHB Félix Gonzáles 0-0: Ball
1-0: Ball
2-0: Called Strike
2-1: Fly out, F7 (Flyball, 7LMF)
Batting: RHB Juan Carlos Rodríguez 0-0: Ball
1-0: Foul Ball, location: 2F
1-1: Ball
2-1: SINGLE (Line Drive, 4D)
Shane Hutchinson to third
Runner from 3rd tries for Home, SAFE, no throw
Batting: RHB Juan Rodríguez 0-0: Ball
1-0: Ball
2-0: Ball
3-0: Base on Balls
Juan Carlos Rodríguez to second
Batting: RHB Calvin Bennett 0-0: Fly out, F4 (Line Drive, 4)
Top of the 2nd over - 1 run(s), 1 hit(s), 0 error(s), 2 left on base; Springfield 2 - Kansas City 0
BOTTOM OF THE 2ND
Kansas City Kings batting - Pitching for Springfield Stars : RHP Todd Brewster
Batting: LHB Brian Boone 0-0: Called Strike
0-1: Ground out 1-3 (Groundball, P)
Batting: LHB Michael Cook 0-0: Called Strike
0-1: Ball
1-1: Called Strike
1-2: Foul Ball, location: 2F
1-2: Foul Ball, location: 2F
1-2: Ball
2-2: Foul Ball, location: 2F
2-2: SINGLE (Flyball, 8LS)
Batting: LHB Luis González 0-0: Called Strike
Michael Cook steals 2nd base
0-1: Foul Ball, location: 2F
0-2: Ball
1-2: SINGLE (Groundball, 34D)
Michael Cook to third
Batting: SHB António De La Cruz 0-0: Called Strike
0-1: Fielders Choice at 2nd, 4-6 (Groundball, 4)
Michael Cook scores
Batting: RHB Oliver Lugo 0-0: Ball
1-0: Swinging Strike
1-1: Foul Ball, location: 2F
1-2: Strikes out swinging
Bottom of the 2nd over - 1 run(s), 2 hit(s), 0 error(s), 1 left on base; Springfield 2 - Kansas City 1
TOP OF THE 3RD
Springfield Stars batting - Pitching for Kansas City Kings : RHP Carlos Pacheco
Batting: LHB Derek Davidson 0-0: Called Strike
0-1: Swinging Strike
0-2: Fly out, F4 (Line Drive, 4M)
Batting: LHB Felipe Guerrero 0-0: Called Strike
0-1: Foul Ball, location: 2F
0-2: Strikes out swinging
Batting: LHB Elliott Newell 0-0: Ball
1-0: Ball
2-0: Swinging Strike
2-1: Foul Ball, location: 2F
2-2: SOLO HOME RUN (Flyball, 9D), Distance : 377 ft
Batting: SHB Shane Hutchinson 0-0: Called Strike
0-1: Ball
1-1: Foul Ball, location: 2F
1-2: Foul Ball, location: 2F
1-2: Ball
2-2: Ball
3-2: Foul Ball, location: 2F
3-2: SOLO HOME RUN (Flyball, 9LD), Distance : 349 ft
Batting: RHB Dave Henderson 0-0: Ball
1-0: Foul Ball, location: 2F
1-1: Ball
2-1: Ground out 5-3 (Groundball, 56)
Top of the 3rd over - 2 run(s), 2 hit(s), 0 error(s), 0 left on base; Springfield 4 - Kansas City 1
BOTTOM OF THE 3RD
Kansas City Kings batting - Pitching for Springfield Stars : RHP Todd Brewster
Batting: RHB Chris Chandler 0-0: Ball
1-0: Foul Ball, location: 2F
1-1: Ball
2-1: Foul Ball, location: 2F
2-2: Foul Ball, location: 2F
2-2: Foul Ball, location: 2F
2-2: Ball
3-2: SINGLE (Groundball, 34D)
Batting: RHB Dave Parker 0-0: Ball
1-0: Called Strike
1-1: SINGLE (Groundball, 6MD)
Chris Chandler to second
Batting: LHB Stan Hickman 0-0: Called Strike
0-1: Ball
1-1: Swinging Strike
1-2: Ball
2-2: Fly out, F8 (Flyball, 89M)
Batting: RHB Toshimichi Kono 0-0: Ball
Wild Pitch!
Chris Chandler to third
Dave Parker to second
1-0: Foul Ball, location: 2F
1-1: Called Strike
1-2: Strikes out swinging
Batting: LHB Brian Boone 0-0: Foul Ball, location: 2F
0-1: DOUBLE (Line Drive, 9LM)
Chris Chandler scores
Dave Parker scores
Batting: LHB Michael Cook 0-0: Ball
1-0: Ground out U3 (Groundball, 3)
Bottom of the 3rd over - 2 run(s), 3 hit(s), 0 error(s), 1 left on base; Springfield 4 - Kansas City 3
TOP OF THE 4TH
Springfield Stars batting - Pitching for Kansas City Kings : RHP Carlos Pacheco
Batting: RHB Félix Gonzáles 0-0: Ball
1-0: Called Strike
1-1: Called Strike
1-2: Strikes out swinging
Batting: RHB Juan Carlos Rodríguez 0-0: Foul Ball, location: 2F
0-1: Ball
1-1: Ground out 6-3 (Groundball, 6M)
Batting: RHB Juan Rodríguez 0-0: Called Strike
0-1: Foul Ball, location: 2F
0-2: Foul Ball, location: 2F
0-2: Ball
1-2: Ball
2-2: Strikes out swinging
Top of the 4th over - 0 run(s), 0 hit(s), 0 error(s), 0 left on base; Springfield 4 - Kansas City 3
BOTTOM OF THE 4TH
Kansas City Kings batting - Pitching for Springfield Stars : RHP Todd Brewster
Batting: LHB Luis González 0-0: Called Strike
0-1: Hit by Pitch
Batting: SHB António De La Cruz 0-0: Ball
1-0: Foul Ball, location: 2F
1-1: Grounds into double play, 4-6-3 (Groundball, 34)
Batting: RHB Oliver Lugo 0-0: Ball
1-0: Called Strike
1-1: Fly out, F5 (Popup, 5S)
Bottom of the 4th over - 0 run(s), 0 hit(s), 0 error(s), 0 left on base; Springfield 4 - Kansas City 3
TOP OF THE 5TH
Springfield Stars batting - Pitching for Kansas City Kings : RHP Carlos Pacheco
Pitching: RHP Ray Watkins
Batting: RHB Calvin Bennett 0-0: Called Strike
0-1: Fly out, F9 (Flyball, 9S)
Batting: LHB Derek Davidson 0-0: Ball
1-0: Foul Ball, location: 2F
1-1: Swinging Strike
1-2: Fly out, F9 (Flyball, 9S)
Batting: LHB Felipe Guerrero 0-0: Ball
1-0: Called Strike
1-1: DOUBLE (Line Drive, 9LM)
Batting: LHB Elliott Newell 0-0: Ball
1-0: Called Strike
1-1: Ball
2-1: Called Strike
2-2: Fly out, F7 (Flyball, 7LS)
Top of the 5th over - 0 run(s), 1 hit(s), 0 error(s), 1 left on base; Springfield 4 - Kansas City 3
BOTTOM OF THE 5TH
Kansas City Kings batting - Pitching for Springfield Stars : RHP Todd Brewster
Pitching: RHP Jorge Delgado
Batting: RHB Chris Chandler 0-0: Ball
1-0: SINGLE (Groundball, 6MD)
Batting: RHB Dave Parker 0-0: Ball
1-0: Called Strike
1-1: Ground out 5-3 (Groundball, 5)
Chris Chandler to second
Batting: LHB Stan Hickman 0-0: Called Strike
0-1: Ball
1-1: Ball
2-1: Foul Ball, location: 2F
2-2: Ball
3-2: Foul Ball, location: 2F
3-2: Base on Balls
Batting: RHB Toshimichi Kono 0-0: Called Strike
Chris Chandler steals 3rd base
Stan Hickman to second
0-1: Foul Ball, location: 2F
0-2: Ball
Wild Pitch!
Chris Chandler scores
Stan Hickman to third
1-2: SINGLE (Groundball, 6MD)
Stan Hickman scores
Batting: LHB Brian Boone 0-0: Ball
1-0: Ball
2-0: Foul Ball, location: 2F
2-1: SINGLE (Groundball, 56D)
Toshimichi Kono to second
Batting: LHB Michael Cook 0-0: Called Strike
0-1: Ball
1-1: Ball
2-1: Called Strike
2-2: Foul Ball, location: 2F
2-2: Ball
3-2: Foul Ball, location: 2F
3-2: Fly out, F9 (Flyball, 89S)
Batting: LHB Luis González 0-0: Called Strike
0-1: Ball
1-1: Swinging Strike
1-2: Foul Ball, location: 2F
1-2: Ball
2-2: Ball
3-2: Foul Ball, location: 2F
3-2: Ground out 1-3 (Groundball, 15S)
Bottom of the 5th over - 2 run(s), 3 hit(s), 0 error(s), 2 left on base; Springfield 4 - Kansas City 5
TOP OF THE 6TH
Springfield Stars batting - Pitching for Kansas City Kings : RHP Ray Watkins
Batting: SHB Shane Hutchinson 0-0: Ball
1-0: Called Strike
1-1: Ball
2-1: Called Strike
2-2: Ball
3-2: Base on Balls
Batting: RHB Dave Henderson 0-0: Ball
1-0: Fly out, F4 (Line Drive, 4)
Batting: RHB Félix Gonzáles 0-0: Ball
1-0: Ball
2-0: Called Strike
2-1: Ball
3-1: Foul Ball, location: 2F
3-2: Strikes out swinging
Batting: RHB Juan Carlos Rodríguez 0-0: Foul Ball, location: 2F
0-1: Ball
1-1: Ball
2-1: Called Strike
2-2: Fielders Choice at 2nd, 4-6 (Groundball, 34)
Top of the 6th over - 0 run(s), 0 hit(s), 0 error(s), 0 left on base; Springfield 4 - Kansas City 5
BOTTOM OF THE 6TH
Kansas City Kings batting - Pitching for Springfield Stars : RHP Jorge Delgado
Pitching: LHP Jeremy Meyer
Batting: SHB António De La Cruz 0-0: Foul Ball, location: 2F
0-1: Foul Ball, location: 2F
0-2: Ball
1-2: Fly out, F7 (Flyball, 7LD)
Batting: RHB Oliver Lugo 0-0: Ball
1-0: Foul Ball, location: 2F
1-1: Ball
2-1: Foul Ball, location: 2F
2-2: Fly out, F8 (Flyball, 8RM)
Pinch Hitting: SHB Douglas Taylor 0-0: Ball
1-0: Foul Ball, location: 2F
1-1: Ball
2-1: Foul Ball, location: 2F
2-2: Foul Ball, location: 2F
2-2: Ball
3-2: Foul Ball, location: 2F
3-2: Base on Balls
Pitching: LHP John Livingston
Pinch Hitting: RHB Norm Francis 0-0: Called Strike
0-1: Ball
1-1: Ground out 1-3 (Groundball, 13)
Bottom of the 6th over - 0 run(s), 0 hit(s), 0 error(s), 1 left on base; Springfield 4 - Kansas City 5
TOP OF THE 7TH
Springfield Stars batting - Pitching for Kansas City Kings : RHP Ray Watkins
Now at 2B: Norm Francis
Now at 3B: Álex Hernández
Pinch Hitting: LHB Ryan Drake 0-0: Ball
1-0: Swinging Strike
1-1: Ball
2-1: Foul Ball, location: 2F
2-2: Strikes out looking
Batting: LHB Yoshiaki Ohayashi 0-0: Swinging Strike
0-1: Ball
1-1: Foul Ball, location: 2F
1-2: Ball
2-2: Ground out 4-3 (Groundball, 4)
Pitching: RHP Raymond Gregg
Pinch Hitting: LHB Edward Rose 0-0: Ball
1-0: Ground out U3 (Groundball, 3)
Top of the 7th over - 0 run(s), 0 hit(s), 0 error(s), 0 left on base; Springfield 4 - Kansas City 5
BOTTOM OF THE 7TH
Kansas City Kings batting - Pitching for Springfield Stars : LHP John Livingston
Now at SS: Ryan Drake
Now in CF: José López
Pinch Hitting: LHB Howard Lambert 0-0: Ball
1-0: Ball
2-0: Ball
3-0: Called Strike
3-1: Fly out, F8 (Flyball, 8LM)
Pinch Hitting: RHB Tony Quinn 0-0: Ball
1-0: Foul Ball, location: 2F
1-1: Fly out, F8 (Flyball, 8RS)
Pinch Hitting: LHB Ron Crawford 0-0: Ball
1-0: Ball
2-0: Foul Ball, location: 2F
2-1: Fly out, F7 (Flyball, 7LSF)
Bottom of the 7th over - 0 run(s), 0 hit(s), 0 error(s), 0 left on base; Springfield 4 - Kansas City 5
TOP OF THE 8TH
Springfield Stars batting - Pitching for Kansas City Kings : RHP Raymond Gregg
Pitching: LHP Ignacio Colón
Now at 1B: Eric Fuller
Now in LF: Tony Quinn
Now in RF: Ron Crawford
Pinch Hitting: SHB Giancarlo Giannini 0-0: Foul Ball, location: 2F
0-1: Foul Ball, location: 2F
0-2: Ball
1-2: Fly out, F8 (Flyball, 89M)
Pitching: LHP Rob Lucas
Pinch Hitting: RHB Ed Watkins 0-0: Called Strike
0-1: Fly out, F8 (Flyball, 8LM)
Pinch Hitting: RHB Desi Thompson 0-0: Called Strike
0-1: Ball
1-1: Foul Ball, location: 2F
1-2: Strikes out swinging
Top of the 8th over - 0 run(s), 0 hit(s), 0 error(s), 0 left on base; Springfield 4 - Kansas City 5
BOTTOM OF THE 8TH
Kansas City Kings batting - Pitching for Springfield Stars : LHP John Livingston
Now at 2B: Giancarlo Giannini
Now in LF: David García
Now in RF: José López
Batting: RHB Esteban Lara 0-0: Called Strike
0-1: Ground out 5-3 (Groundball, 56S)
Pinch Hitting: SHB John Miller 0-0: DOUBLE (Groundball, 5L)
Batting: SHB António De La Cruz 0-0: Foul Ball, location: 2F
0-1: Ball
1-1: Ball
2-1: Ball
3-1: Ground out 6-3 (Groundball, 6)
Pinch Hitting: RHB Ronald Parsons 0-0: Ball
1-0: Called Strike
1-1: Called Strike
1-2: Ball
2-2: Foul Ball, location: 2F
2-2: Ground out 5-3 (Groundball, 56S)
Bottom of the 8th over - 0 run(s), 1 hit(s), 0 error(s), 1 left on base; Springfield 4 - Kansas City 5
TOP OF THE 9TH
Springfield Stars batting - Pitching for Kansas City Kings : LHP Rob Lucas
Pitching: RHP Alberto Bonilla
Now at SS: John Miller
Now in CF: José Cruz
Pinch Hitting: LHB Jesús Tobías 0-0: Called Strike
0-1: Called Strike
0-2: Ball
1-2: Ball
2-2: Foul Ball, location: 2F
2-2: Ball
3-2: Ground out 5-3 (Groundball, 5S)
Pinch Hitting: RHB Will Sterling 0-0: Foul Ball, location: 2F
0-1: Called Strike
0-2: Ball
1-2: SINGLE (Groundball, 6D)
Batting: RHB Juan Carlos Rodríguez 0-0: Called Strike
0-1: Called Strike
0-2: Ball
1-2: Ball
2-2: Strikes out swinging
Batting: LHB Ryan Drake 0-0: Called Strike
0-1: Fly out, F4 (Line Drive, 4)
Top of the 9th over - 0 run(s), 1 hit(s), 0 error(s), 1 left on base; Springfield 4 - Kansas City 5
Tuesday, August 8th, 2017 - OOTP Baseball 17.12 Build 75